 Dungeon Crawl Stone Soup version 0.30-a0-125-g51eefa89be (webtiles) character file.

Game seed: 8655871052987803483

8603 ytrimaz the Warrior (level 11, -1/106 HPs)
             Began as a Demonspawn Gladiator on Sept 19, 2022.
             Slain by a yak (16 damage)
             ... on level 10 of the Dungeon.
             The game lasted 00:15:11 (9856 turns).

ytrimaz the Warrior (Demonspawn Gladiator)          Turns: 9856, Time: 00:15:12

Health: -1/106     AC: 18    Str: 24    XL:     11   Next: 12%
Magic:  0/20       EV: 16    Int:  9    God:
Gold:   297        SH:  0    Dex: 16    Spells: 10/10 levels left

rFire   . . .      SeeInvis .    a - +3 war axe (chaos)
rCold   + + .      Faith    .    (no shield)
rNeg    . . .      Spirit   +    t - +5 ring mail {rC+}
rPois   .          Reflect  .    r - +1 helmet of Valiance {rC+ Str+6}
rElec   +          Harm     .    D - +0 cloak
rCorr   .          Rampage  .    m - +0 pair of gloves
Will    .....                    (no boots)
Stlth   +.........               (no amulet)
HPRegen 0.27/turn                s - ring of magical power
MPRegen 0.34/turn                u - +4 ring of evasion

@: no status effects
A: thin metallic scales 3, spiny 2, magic shield, magic regeneration, magic link
a: no special abilities


You were on level 10 of the Dungeon.
You visited 2 branches of the dungeon, and saw 11 of its levels.

You collected 1321 gold pieces.
You spent 1024 gold pieces at shops.


Innate Abilities, Weirdness & Mutations

You are completely covered in thin metallic scales. (AC +4, rElec)
You are mostly covered in sharp spines.
When hurt, damage is shared between your health and your magic reserves.
You regenerate magic rapidly.
When low on magic, you restore magic in place of health.


   Skills:
 * Level 16.9 Fighting
 - Level 3.1 Axes
 - Level 1.7 Throwing
 - Level 2.6 Dodging


You had 10 spell levels left.
You didn't know any spells.
Your spell library contained the following spells:

 Spells                   Type           Power      Damage    Failure   Level
 Magic Dart               Conj           0%         1d3       54%         1
 Slow                     Hex            0%         N/A       54%         1
 Sting                    Tmut/Pois      0%         1d3       54%         1
 Call Imp                 Summ           0%         N/A       67%         2
 Poisonous Vapours        Pois/Air       0%         N/A       67%         2
 Confusing Touch          Hex            0%         N/A       88%         3
 Dazzling Flash           Conj/Hex       0%         N/A       88%         3
 Mephitic Cloud           Conj/Pois/Air  0%         N/A       88%         3
 Ozocubu's Armour         Ice            0%         N/A       88%         3
 Vampiric Draining        Necr           0%         2d6       88%         3
 Olgreb's Toxic Radiance  Pois           0%         N/A       99%         4
 Agony                    Necr           0%         N/A       100%        5
 Freezing Cloud           Conj/Ice/Air   0%         6-21      100%        5
 Silence                  Hex/Air        0%         N/A       100%        5
 Simulacrum               Ice/Necr       0%         N/A       100%        6
 Ozocubu's Refrigeration  Ice            0%         4d7       100%        7
 Polar Vortex             Ice            0%         N/A       100%        9

Inventory:

Hand Weapons
 a - a +3 war axe of chaos (weapon)
 n - a +0 hand axe
   (You took it off an orc on level 5 of the Dungeon)
 A - a +0 battleaxe
   (You took it off a wight on level 8 of the Dungeon)
Missiles
 d - 3 throwing nets (quivered)
 e - 3 javelins
Armour
 m - a +0 pair of gloves (worn)
   (You found it on level 4 of the Dungeon)
 r - the +1 helmet of Valiance (worn) {rC+ Str+6}
   (You took it off Robin on level 4 of the Dungeon)

   Str:       It affects your strength (+6).
   rC:        It protects you from cold.
 t - a +5 ring mail of cold resistance (worn)
   (You bought it in a shop on level 1 of the Dungeon)
 z - +1 steam dragon scales
   (You took it off Maggie on level 7 of the Dungeon)
 D - a +0 cloak (worn)
   (You found it on level 8 of the Dungeon)
Jewellery
 s - a ring of magical power (left hand)
   (You found it on level 5 of the Dungeon)
 u - a +4 ring of evasion (right hand)
   (You found it on level 6 of the Dungeon)
 v - a ring of positive energy
   (You found it on level 6 of the Dungeon)
 y - an amulet of the acrobat
   (You found it on level 7 of the Dungeon)
Wands
 k - a wand of paralysis (1)
   (You took it off a kobold on level 3 of the Dungeon)
 o - a wand of digging (10)
   (You found it on level 6 of the Dungeon)
 w - a wand of acid (2)
   (You found it on level 9 of the Dungeon)
 B - a wand of polymorph (11)
   (You found it on level 8 of the Dungeon)
Scrolls
 c - a scroll of fog
 g - 7 scrolls of teleportation
 p - 2 scrolls of amnesia
Potions
 b - a potion of heal wounds
 f - 4 potions of might
 h - a potion of lignification
 i - 7 potions of curing
 j - a potion of attraction {unknown}
 l - 4 potions of brilliance
 q - 2 potions of flight
 x - a potion of mutation {unknown}
 E - a potion of degeneration {unknown}
 G - 2 potions of magic
Miscellaneous
 C - a phantom mirror
   (You found it on level 9 of the Dungeon)

Dungeon Overview and Level Annotations

Branches:
Dungeon (10/15) Zot: 26808  Temple (1/1) D:4 Zot: 5798    Lair (0/5) D:10
    Orc: D:9-12

Altars:
Ashenzari
Cheibriados
Dithmenos
Fedhas
Gozag
Hepliaklqana
Kikubaaqudgha
Makhleb
Nemelex Xobeh
Okawaru
Ru
Sif Muna
Trog
Uskayaw
Vehumet
Wu Jian
Xom
Yredelemnul

Shops:
D:1 [   D:2 (   D:4 =*=[   D:8 *

Annotations:
D:2 1 runed translucent door, Crazy Yiuf
D:7 2 runed translucent doors
D:10 exclusion: oklob plant

#.#.# #..
##########.#.####.#
............##...#
###........####...#
..'...........'...+
#........####...# . #
#........# ###.#
....#g##.)......# #.#
#..gY@.)......# #.#
#..g##)......#######.#
.....
................>#
#.#.
##.....#######.##.# .
# #.###'# #.##.# #.
...# #.##.# #. ...#
#.##.# #. ..# #.##.#
#.##.#


You could see a yak (strong), a gnoll sergeant and 2 gnolls.


Message History

You kill the yak!
You slash the yak! Lightning courses through the yak! The yak misses you.
The gnoll sergeant barely misses you.
The gnoll sergeant hits you but does no damage.
The yak barely misses you. 😕 HP[+1]
You slash the yak! You burn the yak.
A gnoll comes into view. It is wielding a +0 spear.
The gnoll sergeant hits you from afar with a +0 trident.
The yak gores you but does no damage. 😕 HP[-5] MP[-1]
You take 5 damage, and now have 86/106 hp.
You lost 1 mp, and now have 19/20 mp.
You hit the yak but do no damage.
The gnoll sergeant hits you but does no damage.
The yak misses you.
You slash the yak!
You kill the yak!
The gnoll sergeant closely misses you.
The gnoll hits you from afar with a +0 spear.
The gnoll sergeant misses you.
The yak gores you but does no damage. 😕 HP[-3]
You take 3 damage, and now have 83/106 hp.
Unknown command.
You hit the yak.
The gnoll sergeant hits you from afar with a +0 trident.
The gnoll hits you but does no damage. The yak is struck by your spines.
The yak gores you.
You barely miss the yak. The gnoll sergeant closely misses you.
The gnoll hits you from afar with a +0 spear!
The yak is struck by your spines.
The yak barely misses you. 😮 HP[-12] MP[-3]
You take 12 damage, and now have 71/106 hp.
You lost 3 mp, and now have 16/20 mp.
Unknown command.
You slash the yak!
The yak seems to grow stronger.
The gnoll sergeant hits you from afar with a +0 trident!
The yak closely misses you.
The gnoll hits you from afar with a +0 spear.
The gnoll misses you.
The gnoll sergeant completely misses you.
The yak misses you.
You are too injured to fight recklessly! 😮 HP[-11] MP[-2]
You take 11 damage, and now have 60/106 hp.
You lost 2 mp, and now have 14/20 mp.
You slash the yak!
You kill the yak!
The gnoll barely misses you.
The gnoll sergeant hits you from afar with a +0 trident. 😮 HP[-1]
You take 1 damage, and now have 59/106 hp.
You are too injured to fight recklessly!
Unknown command.
You hit the yak.
The yak seems to grow stronger.
The gnoll hits you but does no damage.
The gnoll sergeant hits you but does no damage.
The yak is struck by your spines. The yak completely misses you. 😮 MP[+2]
You regained 2 mp, and now have 16/20 mp.
You are too injured to fight recklessly!
You hit the yak.
The gnoll hits you from afar with a +0 spear.
The gnoll sergeant hits you from afar with a +0 trident.
* * * LOW HITPOINT WARNING * * *
The yak closely misses you.
The gnoll hits you from afar with a +0 spear.
* * * LOW HITPOINT WARNING * * *
The gnoll hits you but does no damage.
The gnoll sergeant hits you from afar with a +0 trident.
* * * LOW HITPOINT WARNING * * *
The yak gores you!!
* * * LOW HITPOINT WARNING * * *
The gnoll barely misses you.
You are too injured to fight recklessly!
Unknown command. 😨 HP[-27] MP[-7]
You take 27 damage, and now have 32/106 hp.
MASSIVE DAMAGE!! (PAUSE)
You lost 7 mp, and now have 9/20 mp.
You barely miss the yak. The gnoll hits you but does no damage.
The gnoll sergeant closely misses you. The gnoll closely misses you.
The yak is struck by your spines. The yak gores you.
* * * LOW HITPOINT WARNING * * *
😨 HP[-4]
You take 4 damage, and now have 28/106 hp.
You slash the yak! The gnoll closely misses you.
The gnoll sergeant hits you but does no damage.
The gnoll hits you but does no damage. The yak is struck by your spines.
The yak gores you!
* * * LOW HITPOINT WARNING * * *
😱 HP[-8] MP[-3]
You take 8 damage, and now have 20/106 hp.
You lost 3 mp, and now have 6/20 mp.
Unknown command.
You slash the yak! The gnoll closely misses you.
The gnoll sergeant hits you from afar with a +0 trident.
* * * LOW HITPOINT WARNING * * *
The yak gores you!!
You die...

Skill      XL: |  1  2  3  4  5  6  7  8  9 10 |
---------------+-------------------------------+-----
Axes           | 3 |  3.1
Fighting       | 3 5 6 7 9 11 14 16 | 16.9
Throwing       | |  1.7
Dodging        | |  2.6

Action                   |  1- 3 |  4- 6 |  7- 9 | 10-12 || total
-------------------------+-------+-------+-------+-------++-------
Melee: War axe           |    64 |    90 |   144 |   141 ||   439
       Punch             |       |       |     3 |     4 ||     7
  Use: Scroll            |     4 |     7 |     4 |     6 ||    21
       Potion            |       |     6 |       |     2 ||     8
Armor: Scale mail        |    29 |    40 |       |       ||    69
       Leather armour    |     7 |       |       |       ||     7
       Skin              |       |     7 |       |       ||     7
       Ring mail         |       |     4 |    66 |    62 ||   132
Dodge: Dodged            |    43 |    39 |   101 |   142 ||   325

Levels and vault maps discovered:
D:1:      dpeg_arrival_pits, layout_loops_corners, serial_shops, shop
D:2:      layout_rooms, basic_ecumenical_altar, serial_shops, shop,
          uniq_crazy_yiuf_cottage
D:3:      layout_loops_cross, nzn_wu_jian_contemplation, old_standard_altar,
          mainiacjoe_overflow_catwalk, grunt_decor_junction,
          minmay_tree_intersection
D:4:      layout_basic, minmay_temple_entry_statues_pillars, serial_shops,
          nicolae_shop_statue_plus, nicolae_shop_trees, shop,
          nicolae_shop_stone, minmay_starry_boxes, uniq_edmund, uniq_duvessa,
          uniq_robin
D:5:      layout_basic
D:6:      layout_rooms, serial_bayou, serial_bayou_lagoon_b,
          serial_bayou_ford_a, serial_bayou_pond_e, serial_bayou_shore_a,
          minmay_puff
D:7:      lemuel_insect_pit, layout_basic, grunt_dithmenos_smoke, uniq_maggie
D:8:      layout_basic, serial_shops, nicolae_shop_crystal
D:9:      layout_roguey, mainiacjoe_overflow_alcove_1, grunt_livestock
D:10:     layout_basic, lemuel_coloured_pillars_altar, dpeg_oklobed_lair,
          gammafunk_ghost_cemetery
Temple:   nicolae_temple_bog_church

Notes
Turn   | Place    | Note
-------+----------+-------------------------------------------
     0 | D:1      | ytrimaz the Demonspawn Gladiator began the quest for the
                  | Orb.
     0 | D:1      | Reached XP level 1. HP: 16/16 MP: 1/1
     0 | D:1      | magus.rc [v1.9.6]
   173 | D:1      | Found Iwynuot's Antique Armour Emporium.
   793 | D:2      | Found a faded altar of an unknown god.
   800 | D:2      | Gained mutation: You regenerate magic rapidly. [demonic
                  | ancestry]
   800 | D:2      | Reached XP level 2. HP: 19/23 MP: 2/2
   900 | D:2      | Reached skill level 3 in Axes
   954 | D:2      | Reached skill level 3 in Fighting
   957 | D:2      | Gained mutation: You are partially covered in sharp spines.
                  | [demonic ancestry]
   957 | D:2      | Reached XP level 3. HP: 18/29 MP: 3/3
  1139 | D:2      | Found Ifunyabu's Antique Weapon Boutique.
  1355 | D:2      | You pick up a book of Ice and begin reading...
  1355 | D:2      | You add the spells Freezing Cloud, Simulacrum and Polar
                  | Vortex to your library.
  1384 | D:2      | Found a runed translucent door.
  1385 | D:2      | Noticed Crazy Yiuf
  1497 | D:2      | Gained mutation: When hurt, damage is shared between your
                  | health and your magic reserves. [demonic ancestry]
  1497 | D:2      | Reached XP level 4. HP: 33/37 MP: 4/4
  1498 | D:2      | Reached skill level 4 in Fighting
  1698 | D:3      | Found an ornate altar of the Wu Jian Council.
  1717 | D:3      | Found a blossoming altar of Fedhas.
  1733 | D:3      | You pick up a book of the Senses and begin reading...
  1733 | D:3      | You add the spells Dazzling Flash, Agony and Silence to
                  | your library.
  2451 | D:4      | You add the spells Ozocubu's Armour and Ozocubu's
                  | Refrigeration to your library.
  2460 | D:4      | Found Miurcha's Jewellery Shoppe.
  2562 | D:2      | Bought a shimmering falchion for 168 gold pieces
  2562 | D:2      | Identified the +4 falchion "Fojoazu" {vorpal, Fragile rElec
                  | Str+6 Int-5} (You bought it in a shop on level 2 of the
                  | Dungeon)
  2666 | D:4      | Noticed Edmund
  2671 | D:4      | HP: 9/38 [Edmund/+0 dire flail of protection (12)]
  2685 | D:4      | HP: 11/57 [something (12)]
  2687 | D:4      | Killed Edmund
  2688 | D:4      | Reached skill level 5 in Fighting
  2688 | D:4      | Gained mutation: When low on magic, you restore magic in
                  | place of health. [demonic ancestry]
  2688 | D:4      | Reached XP level 5. HP: 23/46 MP: 2/5
  2922 | D:4      | Found Hoexet's Assorted Antiques.
  2926 | D:4      | Found Qac Onis's Jewellery Boutique.
  2970 | D:4      | Reached skill level 6 in Fighting
  2996 | D:4      | Identified the +1 helmet of Valiance {rC+ Str+6}
  2996 | D:4      | Noticed Robin
  3012 | D:4      | Gained mutation: You are partially covered in thin metallic
                  | scales. (AC +2) [demonic ancestry]
  3012 | D:4      | Reached XP level 6. HP: 33/52 MP: 4/6
  3028 | D:4      | Killed Robin
  3183 | D:4      | You pick up a book of Debilitation and begin reading...
  3183 | D:4      | You add the spells Slow, Vampiric Draining and Confusing
                  | Touch to your library.
  3409 | D:4      | Found Ysucoqih's Armour Boutique.
  3493 | D:4      | Found a staircase to the Ecumenical Temple.
  3567 | D:4      | Noticed Dowan
  3568 | D:4      | Noticed Duvessa
  3578 | D:4      | Killed Duvessa
  3579 | D:4      | Reached skill level 7 in Fighting
  3579 | D:4      | Gained mutation: You are mostly covered in thin metallic
                  | scales. (AC +3) [demonic ancestry]
  3579 | D:4      | Reached XP level 7. HP: 36/60 MP: 4/7
  3580 | D:4      | Killed Dowan
  3853 | Temple   | Entered the Ecumenical Temple
  4069 | D:5      | Entered Level 5 of the Dungeon
  4247 | D:5      | Reached skill level 8 in Fighting
  4550 | D:4      | Identified a scroll of acquirement
  4550 | D:4      | Acquired 721 gold pieces
  4572 | D:4      | Bought the amulet of Xom's Passing Interest {Spirit Regen+
                  | rCorr Int-2 Slay+5} for 653 gold pieces
  4661 | D:5      | You pick up a book of Minor Magic and begin reading...
  4661 | D:5      | You add the spells Magic Dart, Call Imp and Mephitic Cloud
                  | to your library.
  4766 | D:5      | Reached skill level 9 in Fighting
  5118 | D:5      | Reached XP level 8. HP: 71/71 MP: 8/8
  5251 | D:1      | Bought a glowing ring mail for 203 gold pieces
  5556 | D:6      | Reached skill level 10 in Fighting
  5766 | D:6      | Reached skill level 11 in Fighting
  5923 | D:6      | You add the spells Sting, Poisonous Vapours and Olgreb's
                  | Toxic Radiance to your library.
  6118 | D:6      | Gained mutation: You are completely covered in thin
                  | metallic scales. (AC +4, rElec) [demonic ancestry]
  6118 | D:6      | Reached XP level 9. HP: 66/82 MP: 9/9
  6475 | D:7      | Reached skill level 12 in Fighting
  6520 | D:7      | Found a shadowy altar of Dithmenos.
  6595 | D:7      | Found a runed translucent door.
  6600 | D:7      | Found a runed translucent door.
  6854 | D:7      | Noticed Maggie
  6865 | D:7      | Killed Maggie
  7246 | D:8      | Reached skill level 13 in Fighting
  7289 | D:8      | Found Busogg's General Store.
  7595 | D:8      | Noticed a two-headed ogre
  7602 | D:8      | Killed a two-headed ogre
  7603 | D:8      | Reached skill level 14 in Fighting
  7697 | D:8      | Reached XP level 10. HP: 94/94 MP: 10/10
  8391 | D:9      | Reached skill level 15 in Fighting
  8629 | D:9      | Reached skill level 16 in Fighting
  9031 | D:9      | Found a shimmering altar of Xom.
  9628 | D:9      | Gained mutation: You are mostly covered in sharp spines.
                  | [demonic ancestry]
  9628 | D:9      | Reached XP level 11. HP: 102/106 MP: 11/11
  9675 | D:10     | Entered Level 10 of the Dungeon
  9749 | D:10     | Noticed an oklob plant
  9763 | D:10     | Found a staircase to the Lair.
  9855 | D:10     | HP: 20/106 [yak (9)]
  9856 | D:10     | Slain by a yak

Vanquished Creatures
  A two-headed ogre (D:8)
  A yaktaur (D:8)
  Maggie (D:7)
  2 trolls (D:9)
  2 wyverns (D:9)
  2 hogs (D:9)
  20 yaks
  A human (D:9)
  Edmund (D:4)
  Duvessa (D:4)
  A water moccasin (D:9)
  3 orc warriors
  2 sky beasts
  An ice beast (D:7)
  4 black bears
  3 ogres
  2 centaurs
  2 kobold brigands
  3 bullfrogs
  6 scorpions
  5 wights (D:8)
  Dowan (D:4)
  2 electric eels (D:6)
  3 jellies
  6 hounds
  3 orc priests
  2 iguanas
  7 orc wizards
  Robin (D:4)
  6 adders
  A gnoll (D:10)
  A white imp (D:6)
  An ufetubus (D:5)
  2 worms (D:2)
  37 orcs
  5 endoplasms
  6 giant cockroaches
  16 goblins
  10 hobgoblins
  13 kobolds
  3 quokkas
  A ball python (D:2)
  9 bats
  5 frilled lizards
  3 rats
208 creatures vanquished.

Vanquished Creatures (others)
  3 plants (D:6)
3 creatures vanquished.

Grand Total: 211 creatures vanquished

Table legend:
 A = Non-vault XP
 B = Vault XP
 C = Vault XP percentage of total XP
 D = Non-vault monster count
 E = Vault monster count
 F = Vault count percentage of total count
                 A         B        C        D         E       F
            +---------+---------+-------+---------+---------+-------
      Total |   10266 |    2025 |  16.5 |     173 |      35 |  16.8
            +---------+---------+-------+---------+---------+-------
        D:1 |      10 |       0 |   0.0 |       6 |       0 |   0.0
        D:2 |      92 |       0 |   0.0 |      26 |       0 |   0.0
        D:3 |      24 |       0 |   0.0 |      13 |       0 |   0.0
        D:4 |     170 |     518 |  75.3 |      18 |      25 |  58.1
        D:5 |     708 |       0 |   0.0 |      19 |       0 |   0.0
        D:6 |    1230 |     162 |  11.6 |      23 |       4 |  14.8
        D:7 |     634 |     356 |  36.0 |      12 |       1 |   7.7
        D:8 |    2864 |       0 |   0.0 |      22 |       0 |   0.0
        D:9 |    3338 |     989 |  22.9 |      24 |       5 |  17.2
       D:10 |    1196 |       0 |   0.0 |      10 |       0 |   0.0
            +---------+---------+-------+---------+---------+-------

Illustrated notes

Table legend:
 A = Kills in this place as a percentage of kills in entire the game.
 B = Kills by you in this place as a percentage of kills by you in the entire game.
 C = Kills by friends in this place as a percentage of kills by friends in the entire game.
 D = Other kills in this place as a percentage of other kills in the entire game.
 E = Experience gained in this place as a percentage of experience gained in the entire game.
 F = Experience gained in this place divided by the number of levels of this place that you have seen.
                   A       B       C       D       E      F
               +-------+-------+-------+-------+-------+----------------------
         Total | 100.0 | 100.0 |   N/A | 100.0 | 100.0 | 1117.4
       Dungeon | 100.0 | 100.0 |   N/A | 100.0 | 100.0 | 1229.1
               +-------+-------+-------+-------+-------+----------------------

Table legend: (Time is in decaauts)
 A = Elapsed time spent in this place.
 B = Non-inter-level travel time spent in this place.
 C = Inter-level travel time spent in this place.
 D = Time resting spent in this place.
 E = Time spent auto-exploring this place.
 F = Levels seen in this place.
 G = Mean time per level.
                   A        B        C        D        E       F      G
               +--------+--------+--------+--------+--------+-----+--------+
         Total |  10056 |   9107 |    949 |    455 |   7126 |  11 |  914.2 |
       Dungeon |   9854 |   8923 |    931 |    455 |   6957 |  10 |  985.4 |
        Temple |    201 |    183 |     18 |      0 |    169 |   1 |  201.0 |
               +--------+--------+--------+--------+--------+-----+--------+

Top non-repeatable levels by time:
     D:4: 1404 daAuts
     D:9: 1343 daAuts
     D:5: 1235 daAuts
     D:8: 1138 daAuts
     D:2: 992 daAuts
     D:6: 986 daAuts
     D:3: 934 daAuts
     D:1: 832 daAuts
     D:7: 796 daAuts
  Temple: 201 daAuts
    D:10: 190 daAuts
